 Dungeon Crawl Stone Soup version 0.21.3-3-g218456f21e (webtiles) character file.

2 CurlyBrace the Sneak (level 1, -1/7 HPs)
             Began as a Felid Earth Elementalist on Feb 17, 2021.
             Slain by Sigmund
             ... wielding a +0 scythe
              (2 damage)
             ... on level 4 of the Dungeon.
             The game lasted 00:02:10 (155 turns).

CurlyBrace the Sneak (Felid Earth Elementalist)      Turns: 155, Time: 00:02:10

Health: -1/7       AC:  1    Str:  4    XL:     1   Next: 33%
Magic:  2/4        EV: 18    Int: 16    God:
Gold:   30         SH:  0    Dex: 16    Spells: 3/4 levels left
                                        Lives:  0   Deaths: 0

rFire    . . .     SeeInvis +   (weapon unavailable)
rCold    . . .     Gourm    .   (shield unavailable)
rNeg     . . .     Faith    .   (armour unavailable)
rPois    .         Spirit   .   (helmet unavailable)
rElec    .         Reflect  .   (cloak unavailable)
rCorr    .         Harm     .   (gloves unavailable)
MR       .....                  (boots unavailable)
Stlth    +++.......             (no amulet)
HPRegen  0.02/turn              (no ring)
MPRegen  0.09/turn              (no ring)

@: about to teleport, quick
A: very small, no armour, no weapons or thrown items, stealth, claws 1, fangs 3,
see invisible, carnivore, speed 1, shaggy fur 1, slow metabolism 1, sharp paws
a: no special abilities


You were on level 4 of the Dungeon.
You were not hungry.

You visited 1 branch of the dungeon, and saw 3 of its levels.

You collected 30 gold pieces.

Inventory:

Missiles
 b - 24 stones
Wands
 h - a wand of disintegration (6)
   (You found it on level 2 of the Dungeon)
Potions
 i - 2 potions of agility
Books
 d - a book of Geomancy

   Spells                             Type                      Level
   a - Sandblast                      Earth                        1
   b - Passwall                       Transmutation/Earth          2
   c - Stone Arrow                    Conjuration/Earth            3
   d - Petrify                        Transmutation/Earth          4
   e - Lee's Rapid Deconstruction     Earth                        5
Comestibles
 e - a ration


   Skills:
 + Level 2.7 Dodging
 + Level 2.8 Stealth
 - Level 2.0 Spellcasting
   Level 1.1 Transmutations
 * Level 2.7 Earth Magic
 + Level 0.0 Evocations


You had 3 spell levels left.
You knew the following spells:

 Your Spells              Type           Power        Failure   Level  Hunger
a - Sandblast             Erth           ##....       7%          1    #......


Dungeon Overview and Level Annotations

Branches:
Dungeon (4/15)
 Temple: D:4-7

Altars:

Annotations:
D:4 Dowan, Sigmund


Innate Abilities, Weirdness & Mutations

You cannot wear armour.
You are incapable of wielding weapons or throwing items.
Your paws allow you to move quietly. (Stealth)
You have sharp claws.
You have razor-sharp teeth.
You have supernaturally acute eyesight. (SInv)
You are carnivorous and can eat meat at any time.
You cover ground quickly.
You are covered in fur. (AC +1)
You have a slow metabolism.
Your sharp claws are effective at attacking unaware monsters.


Message History

Press: ? - help, Shift-Dir - straight line, f - giant cockroach, p - orc
Aim: a giant cockroach (clinging)
The blast of sand hits the giant cockroach.
b - 25 stones The orc hits you.
Ouch! That really hurt!
* * * LOW HITPOINT WARNING * * *
Sigmund closely misses you. The giant cockroach closely misses you.
Unknown command.
Casting: Sandblast
Confirm with . or Enter, or press ? or * to list all spells.
Aiming: Sandblast
Press: ? - help, Shift-Dir - straight line, f/p - giant cockroach
Aim: a giant cockroach (clinging)
The blast of sand hits the giant cockroach.
You kill the giant cockroach!
b - 24 stones The orc hits you but does no damage.
Sigmund hits you from afar with a scythe.
You die...

..# ... ..## ##.. .... ...
#.. ..###.. ..... # ..##.#
#.%.# #.#.##†# #...#
#.#.##@# #...# #..Z@o.#
#...# #######.#### ###...##
#.......# #......#
#.####..# #.#....#
##.####..#######.##.#.#.##
.Z...(...##................
##.####.#.....#.#######.##.
#..........# .#


You could see Sigmund (invisible), an orc and a jackal skeleton.

Vanquished Creatures
  A giant cockroach (D:4)
  A hobgoblin (D:2)
2 creatures vanquished.

Notes
Turn   | Place    | Note
-------+----------+-------------------------------------------
     0 | D:1      | CurlyBrace the Felid Earth Elementalist began the quest for the Orb.
     0 | D:1      | Reached XP level 1. HP: 7/7 MP: 4/4
   103 | D:2      | Found a faded altar of an unknown god.
   108 | D:2      | You fall through a shaft for 2 floors!
   115 | D:4      | Noticed Dowan
   146 | D:4      | Noticed Sigmund
   155 | D:4      | Slain by Sigmund

Action                   || total
-------------------------++-------
Melee: Unarmed           ||     1
 Cast: Sandblast         ||     6
  Use: Scroll            ||     3
       Potion            ||     2
Armor: Skin              ||     1
Dodge: Dodged            ||     8
